 Dungeon Crawl Stone Soup version 0.29-a0-542-g075992c915 (webtiles) character file.

Game seed: 4281795794798531636

39 spaghetti the Twirler (level 3, -4/30 HPs)
             Began as a Demigod Gladiator on June 4, 2022.
             Killed from afar by Natasha (12 damage)
             ... with a magic dart
             ... on level 2 of the Dungeon.
             The game lasted 00:01:34 (1444 turns).

spaghetti the Twirler (Demigod Gladiator)           Turns: 1444, Time: 00:01:35

Health: -4/30      AC:  4    Str: 19    XL:     3   Next: 13%
Magic:  5/5        EV: 12    Int: 10    God:
Gold:   69         SH:  0    Dex: 15    Spells: 2/2 levels left

rFire   . . .      SeeInvis .   a - +0 quarterstaff {staff}
rCold   . . .      Faith    .   (shield currently unavailable)
rNeg    . . .      Spirit   .   b - +0 leather armour
rPois   .          Reflect  .   c - +0 helmet
rElec   .          Harm     .   (no cloak)
rCorr   .          Rampage  .   (no gloves)
Will    .....                   (no boots)
Stlth   +.........              (no amulet)
HPRegen 0.10/turn               (no ring)
MPRegen 0.09/turn               (no ring)

@: no status effects
A: high MP 1, forlorn, divine attributes
a: no special abilities


You were on level 2 of the Dungeon.
You visited 1 branch of the dungeon, and saw 3 of its levels.

You collected 69 gold pieces.


Innate Abilities, Weirdness & Mutations

You have an increased reservoir of magic. (+10% MP)
You shall have no god before yourself.
Your divine heritage dramatically boosts your attributes as you level up.


   Skills:
 + Level 2.4 Fighting
 * Level 3.1 Staves
 - Level 1.7 Throwing
 + Level 1.3 Armour
 - Level 2.6 Dodging


You had 2 spell levels left.
You didn't know any spells.
Your spell library contained the following spells:

 Spells                   Type           Power      Damage    Failure   Level
 Cause Fear               Hex            0%         N/A       99%         4
 Dragon Form              Tmut           0%         N/A       100%        7
 Dragon's Call            Summ           0%         N/A       100%        9

Inventory:

Hand Weapons
 a - a +0 quarterstaff (weapon) {staff}
Missiles
 d - 3 throwing nets {=f!fthrowing}
 e - a javelin {throwing}
 f - 16 stones (quivered) {throwing}
 g - 2 boomerangs {throwing}
 j - 6 poisoned darts {throwing}
Armour
 b - a +0 leather armour (worn)
 c - a +0 helmet (worn)
Scrolls
 i - a scroll of teleportation {@r4}
Potions
 h - a potion of berserk rage {unknown}

Dungeon Overview and Level Annotations

Branches:
Dungeon (3/15)

Shops:
D:1 (

Annotations:
D:2 Natasha
D:3 Pargi

..# #...##...
#.#.#.####.#.#....
..#..........#....
#.###.####.###....
#(# #.# #.# ###..
#(# #.# #.# #....
#.###.####.###....
#h#..........###..
#@#.#.####.#.###..
#.#...# #...#....
#.'##########+.#..
#######..#######..
#................
#.####..########.
♣.♣###...........
♣.♣..#..########.
♣.♣..............


You could see Natasha.


Message History

No target in view!
No target in view!
No target in view!
No target in view!
No target in view!
No target in view!
No target in view!
i - a scroll of teleportation {@r4}
j - 6 poisoned darts {throwing} You see here a rat corpse.
You open the door.
There is an open door here.
A hobgoblin comes into view.
The hobgoblin shouts!
A hobgoblin is nearby!
You throw a stone {throwing}.
The stone {throwing} hits the hobgoblin but does no damage.
You throw a stone {throwing}.
The stone {throwing} hits the hobgoblin but does no damage.
You throw a stone {throwing}.
The stone {throwing} closely misses the hobgoblin.
You thump the hobgoblin!
You kill the hobgoblin!
No target in view!
No target in view!
No target in view!
No target in view!
No target in view!
No target in view!
No target in view!
No target in view!
No target in view!
No target in view!
No target in view!
No target in view!
No target in view!
No target in view!
No target in view!
No target in view!
No target in view!
No target in view!
No target in view!
No target in view!
No target in view!
No target in view!
No target in view!
No target in view!
f - 17 stones {throwing} (gained 1)
f - 18 stones {throwing} (gained 1)
You open the door.
Natasha, Servant of Life and Death comes into view.
There is an open door here.
You throw a stone {throwing}. The stone {throwing} hits Natasha.
Natasha hisses angrily.
You throw a stone {throwing}.
The stone {throwing} closely misses Natasha.
Natasha casts a spell at you. The magic dart hits you.
You are too injured to fight recklessly!
You are too injured to fight recklessly!
You are too injured to fight recklessly! 😕 HP[-5]
You take 5 damage, and now have 25/30 hp.
You are too injured to fight recklessly!
You are too injured to fight recklessly!
You are too injured to fight recklessly!
You are too injured to fight recklessly!
You are too injured to fight recklessly!
You are too injured to fight recklessly!
You are too injured to fight recklessly!
You are too injured to fight recklessly!
You are too injured to fight recklessly!
You are too injured to fight recklessly!
You are too injured to fight recklessly!
You are too injured to fight recklessly!
You are too injured to fight recklessly!
You are too injured to fight recklessly!
You are too injured to fight recklessly!
Natasha misses you.
You hit Natasha.
Natasha stares at you and mumbles some strange words.
The magic dart hits you! 😮 HP[-7]
You take 7 damage, and now have 18/30 hp.
MASSIVE DAMAGE!! (PAUSE)
You barely miss Natasha. Natasha barely misses you.
You barely miss Natasha. Natasha claws you!
* * * LOW HITPOINT WARNING * * *
😨 HP[-7]
You take 7 damage, and now have 11/30 hp.
MASSIVE DAMAGE!! (PAUSE) Unknown command.
You thump Natasha! Natasha claws you.
* * * LOW HITPOINT WARNING * * *
😨 HP[-3]
You take 3 damage, and now have 8/30 hp.
You hit Natasha.
Natasha stares at you and mumbles some strange words.
The magic dart hits you!
You die...

Skill      XL: |  1  2 |
---------------+-------+-----
Fighting       | 2 |  2.4
Armour         | 1 |  1.3
Staves         | 3 |  3.1
Throwing       | |  1.7
Dodging        | |  2.6

Action                   || total
-------------------------++-------
Melee: Quarterstaff      ||    55
Throw: Stone             ||     5
  Use: Scroll            ||     3
Armor: Leather armour    ||    34
Dodge: Dodged            ||    57

Levels and vault maps discovered:
D:1:      doesnt_arrival_eight_statues, layout_rooms, serial_shops, shop
D:2:      layout_basic, serial_forest, infiniplex_forest_straight_2,
          infiniplex_forest_lined_corner, infiniplex_forest_end_1,
          infiniplex_forest_straight_4, infiniplex_forest_3_way,
          infiniplex_forest_straight_4, roderic_st_hans_cross,
          kennysheep_cluttered_room, uniq_robin, uniq_crazy_yiuf_cottage,
          uniq_natasha
D:3:      layout_rooms, chequers_ecumenical_altar_simple_redux, uniq_pargi,
          uniq_ijyb

Notes
Turn   | Place    | Note
-------+----------+-------------------------------------------
     0 | D:1      | spaghetti the Demigod Gladiator began the quest for the
                  | Orb.
     0 | D:1      | Reached XP level 1. HP: 17/17 MP: 3/3
     0 | D:1      | magus.rc [v1.9.6]
    61 | D:1      | Reached skill level 2 in Fighting
   202 | D:1      | Found Qoted's Antique Weapon Emporium.
   214 | D:1      | You fall into a shaft and drop 1 floor!
   269 | D:2      | You pick up a book of the Dragon and begin reading...
   269 | D:2      | You add the spells Cause Fear, Dragon Form and Dragon's
                  | Call to your library.
   284 | D:2      | Reached skill level 1 in Armour
   284 | D:2      | Reached XP level 2. HP: 20/24 MP: 4/4
   408 | D:2      | Reached skill level 3 in Staves
   449 | D:3      | HP: 6/24 [constriction (1)]
   855 | D:3      | Noticed Pargi
  1228 | D:2      | Reached XP level 3. HP: 30/30 MP: 5/5
  1435 | D:2      | Noticed Natasha
  1444 | D:2      | Killed from afar by Natasha

Vanquished Creatures
  2 adders (D:2)
  5 endoplasms
  A giant cockroach (D:3)
  3 goblins (D:2)
  2 hobgoblins (D:2)
  A quokka (D:1)
  2 ball pythons (D:1)
  A frilled lizard (D:1)
  2 rats
19 creatures vanquished.

Vanquished Creatures (collateral kills)
  A ball python (D:3)
  A frilled lizard (D:3)
2 creatures vanquished.

Grand Total: 21 creatures vanquished

Table legend:
 A = Non-vault XP
 B = Vault XP
 C = Vault XP percentage of total XP
 D = Non-vault monster count
 E = Vault monster count
 F = Vault count percentage of total count
                 A         B        C        D         E       F
            +---------+---------+-------+---------+---------+-------
      Total |      51 |       6 |  10.5 |      18 |       3 |  14.3
            +---------+---------+-------+---------+---------+-------
        D:1 |      10 |       0 |   0.0 |       7 |       0 |   0.0
        D:2 |      33 |       6 |  15.4 |       6 |       3 |  33.3
        D:3 |       8 |       0 |   0.0 |       5 |       0 |   0.0
            +---------+---------+-------+---------+---------+-------

Illustrated notes

Table legend:
 A = Kills in this place as a percentage of kills in entire the game.
 B = Kills by you in this place as a percentage of kills by you in the entire game.
 C = Kills by friends in this place as a percentage of kills by friends in the entire game.
 D = Other kills in this place as a percentage of other kills in the entire game.
 E = Experience gained in this place as a percentage of experience gained in the entire game.
 F = Experience gained in this place divided by the number of levels of this place that you have seen.
                   A       B       C       D       E      F
               +-------+-------+-------+-------+-------+----------------------
         Total | 100.0 | 100.0 | 100.0 |   N/A | 100.0 |  19.0
       Dungeon | 100.0 | 100.0 | 100.0 |   N/A | 100.0 |  19.0
               +-------+-------+-------+-------+-------+----------------------

Table legend: (Time is in decaauts)
 A = Elapsed time spent in this place.
 B = Non-inter-level travel time spent in this place.
 C = Inter-level travel time spent in this place.
 D = Time resting spent in this place.
 E = Time spent auto-exploring this place.
 F = Levels seen in this place.
 G = Mean time per level.
                   A        B        C        D        E       F      G
               +--------+--------+--------+--------+--------+-----+--------+
         Total |   1452 |   1452 |      0 |    651 |    624 |   3 |  484.0 |
       Dungeon |   1452 |   1452 |      0 |    651 |    624 |   3 |  484.0 |
               +--------+--------+--------+--------+--------+-----+--------+

Top non-repeatable levels by time:
     D:2: 816 daAuts
     D:3: 419 daAuts
     D:1: 216 daAuts
